 Dungeon Crawl Stone Soup version 0.25-a0-589-g1e14c549ee (webtiles) character file.

Game seed: 10167398190815176987, levelgen mode: deterministic

126 Kohma the Poker (level 4, 0/33 HPs)
             Began as a Demonspawn Gladiator on Mar 11, 2020.
             Succumbed to an adder's poison
             ... on level 3 of the Dungeon.
             The game lasted 00:06:36 (2502 turns).

Kohma the Poker (Demonspawn Gladiator)              Turns: 2502, Time: 00:06:37

Health: 0/33       AC:  9    Str: 15    XL:     4   Next: 83%
Magic:  4/4        EV: 12    Int:  9    God:
Gold:   200        SH:  0    Dex: 15    Spells: 3/3 levels left

rFire    . . .     SeeInvis .   a - +0 trident
rCold    . . .     Gourm    .   (no shield)
rNeg     . . .     Faith    .   r - +0 ring mail
rPois    .         Spirit   .   c - +0 helmet
rElec    .         Reflect  .   (no cloak)
rCorr    .         Harm     .   (no gloves)
MR       .....                  (no boots)
Stlth    +.........             (no amulet)
HPRegen  0.11/turn              (no ring)
MPRegen  0.09/turn              (no ring)

@: mighty, lethally poisoned (0 -> -10), stab, flying, very slightly
contaminated, hasted, invisible, very quick
A: slimy green scales 2, powered by death 1
a: no special abilities


You were on level 3 of the Dungeon.
You were not hungry.

You visited 1 branch of the dungeon, and saw 3 of its levels.

You collected 200 gold pieces.

Inventory:

Hand Weapons
 a - a +0 trident (weapon)
 e - a +3 dagger of pain
 n - a +4 hunting sling
Missiles
 d - 3 throwing nets
 j - 2 silver javelins
 l - 17 bolts
 p - 21 poisoned darts (quivered)
 u - 28 sling bullets
 w - 102 stones
Armour
 b - a +0 leather armour
 c - a +0 helmet (worn)
 r - a +0 ring mail (worn)
Jewellery
 v - a cursed amulet of inaccuracy {unknown}
Scrolls
 h - 2 scrolls of identify {unknown}
 i - 3 scrolls of blinking {unknown}
 m - 2 scrolls of teleportation {unknown}
 x - a scroll of amnesia {unknown}
 y - a scroll of fear {unknown}
Potions
 g - a potion of invisibility
 q - a potion of flight
 t - a potion of curing {unknown}
 z - a potion of magic {unknown}
Comestibles
 f - 8 rations
 A - 4 chunks of flesh


   Skills:
 - Level 2.0 Fighting
 + Level 3.5 Polearms
 - Level 1.7 Throwing
 * Level 3.1 Armour
 - Level 3.0 Dodging


You had 3 spell levels left.
You didn't know any spells.
Your spell library was empty.

Dungeon Overview and Level Annotations

Branches:
Dungeon (3/15)

Altars:


Innate Abilities, Weirdness & Mutations

You are mostly covered in slimy green scales. (AC +3)
You regenerate a little health from kills.


Message History

You feel very buoyant.
You fly up into the air.
* * * LOW HITPOINT WARNING * * *
You feel sick. The adder closely misses you.
The adder bites you but does no damage.
Okay, then.
It was a potion of might.
You feel very mighty all of a sudden.
* * * LOW HITPOINT WARNING * * *
You feel sick. The adder misses you.
You puncture the adder!
You kill the adder!
* * * LOW HITPOINT WARNING * * *
You feel sick.
It was a potion of stabbing.
You feel ready to backstab.
* * * LOW HITPOINT WARNING * * *
You feel sick. The orc barely misses you.
It was a potion of haste.
You feel yourself speed up.
You die...

........>....'.........'......#.#
###.###...#.##.........####....##
###.........###.......## #>.....
.####...##### ##.....## #......
.# #...# ##...## #...... .# #...#
##+## #...... .# ## ######## #.#
#...... .# .......###.## #......
.# #....oo@...# #...... ##
#.###(##...#########.###
#.#..............#
..##...########### ### ##.## #.#
#.# #.# #.#


You could see 2 orcs.

Vanquished Creatures
  Robin (D:2)
  4 adders
  2 worms
  3 dart slugs
  A ball python (D:2)
  A giant cockroach (D:3)
  22 goblins
  6 hobgoblins
  2 jackals (D:1)
  3 quokkas
  5 bats
  7 frilled lizards
  2 kobolds (D:3)
  4 rats
63 creatures vanquished.

Notes
Turn   | Place    | Note
-------+----------+-------------------------------------------
     0 | D:1      | Kohma the Demonspawn Gladiator began the quest for the Orb.
     0 | D:1      | Reached XP level 1. HP: 16/16 MP: 1/1
   132 | D:1      | Gained mutation: You regenerate a little health from kills.
                  | [demonic ancestry]
   132 | D:1      | Reached XP level 2. HP: 22/22 MP: 2/2
   160 | D:1      | Reached skill level 1 in Armour
  1154 | D:2      | Gained mutation: You are partially covered in slimy green
                  | scales. (AC +2) [demonic ancestry]
  1154 | D:2      | Reached XP level 3. HP: 20/27 MP: 3/3
  1556 | D:2      | Noticed Robin
  1601 | D:2      | Killed Robin
  1601 | D:2      | Gained mutation: You are mostly covered in slimy green
                  | scales. (AC +3) [demonic ancestry]
  1601 | D:2      | Reached XP level 4. HP: 30/33 MP: 4/4
  2500 | D:3      | HP: 1/33 [poisoned by an adder]
  2502 | D:3      | Succumbed to an adder's poison

Levels and vault maps discovered:
D:1:      zelgadis_glass_arrival_small, layout_loops_ring
D:2:      layout_basic, uniq_robin
D:3:      layout_loops_corners, grunt_dithmenos_smoke, first_ration, uniq_ijyb

Skill      XL: |  1  2  3  4 |
---------------+-------------+-----
Dodging        | 3 |  3.0
Armour         | 1 2 3 |  3.1
Polearms       | 3 |  3.5
Fighting       | |  2.0
Throwing       | |  1.7

Action                   |  1- 3 |  4- 6 || total
-------------------------+-------+-------++-------
Melee: Trident           |   109 |    69 ||   178
Throw: Dart              |     1 |       ||     1
  Use: Potion            |       |     5 ||     5
  Eat: Chunk             |     2 |     3 ||     5
Armor: Leather armour    |    10 |       ||    10
       Ring mail         |    25 |    34 ||    59
Dodge: Dodged            |    64 |    35 ||    99

Table legend:
 A = Non-vault XP
 B = Vault XP
 C = Vault XP percentage of total XP
 D = Non-vault monster count
 E = Vault monster count
 F = Vault count percentage of total count
                 A         B        C        D         E       F
            +---------+---------+-------+---------+---------+-------
      Total |     142 |      38 |  21.1 |      51 |      12 |  19.0
            +---------+---------+-------+---------+---------+-------
        D:1 |      38 |       0 |   0.0 |      22 |       0 |   0.0
        D:2 |      34 |      38 |  52.8 |      10 |      12 |  54.5
        D:3 |      70 |       0 |   0.0 |      19 |       0 |   0.0
            +---------+---------+-------+---------+---------+-------
